 Dungeon Crawl Stone Soup version 0.30.0-16-gbe6223bb7e (webtiles) character file.

Game seed: 15819166627502121894

91735 croobank the Thaumaturge (level 15, -13/128 HPs)
             Began as a Gnoll Summoner on May 20, 2023.
             Was a High Priest of Jiyva.
             Mangled by a +0 spectral lajatang (20 damage)
             ... created by Agnes
             ... on level 15 of the Dungeon.
             The game lasted 01:50:38 (19196 turns).

croobank the Thaumaturge (Gnoll Summoner)          Turns: 19196, Time: 01:50:39

Health: -13/128    AC: 21    Str:  6    XL:     15   Next: 61%
Magic:  12/30      EV: 10    Int: 29    God:    Jiyva [*****.]
Gold:   1126       SH: 11    Dex: 14    Spells: 22/37 levels left

rFire   + + +        a - +4 hammer of Checkmate {venom, rF+ rC+ Dex+3}
rCold   + + .        S - +0 kite shield
rNeg    + + .        O - +2 scale mail "Yloklywk" {rF++ rN+}
rPois   +            H - +1 hat {SInv}
rElec   .            g - +2 cloak
rCorr   +            (no gloves)
SInv    +            i - +2 pair of boots
Will    +++++        d - amulet of the Four Winds {rN+ Will+++ Clar}
Stlth   +++++        b - ring "Giagg" {rPois AC+4 Int+2 Stlth+}
HPRegen 1.85/turn    K - ring of willpower
MPRegen 0.67/turn

%: clarity
@: calling ooze, very slightly contaminated, studying Unarmed Combat
A: fangs 1, strong nose, distributed training, antennae 1, iridescent scales 1,
clever 1, cold resistance 1, fire resistance 2, sense surroundings 2, robust 1,
wild magic 3, acidic bite, pseudopods 3, jelly absorbing missiles, sturdy frame
1
}: 1/15 runes: slimy
a: Renounce Religion, Oozemancy, Slimify


You were on level 15 of the Dungeon.
You worshipped Jiyva.
Jiyva was extremely pleased with you.
You visited 3 branches of the dungeon, and saw 25 of its levels.
You also visited: Gauntlet and Volcano.

You collected 1126 gold pieces.

Inventory:

Hand Weapons
 a - the +4 hammer of Checkmate (weapon) {venom, rF+ rC+ Dex+3}
   (You found it on level 4 of the Dungeon)

   Dex:       It affects your dexterity (+3).
   rF:        It protects you from fire.
   rC:        It protects you from cold.
 l - the +7 mace of Greed {drain, rN+ Str+6 Int-3}
   (You found it on level 3 of the Dungeon)

   Str:       It affects your strength (+6).
   Int:       It affects your intelligence (-3).
   rN:        It protects you from negative energy.
 E - a +4 morningstar of venom
 L - the +6 lajatang "Dragonbane" {flame, rPois}
   (You found it on level 5 of the Pits of Slime)

   rPois:     It protects you from poison.
 M - the +5 quarterstaff "Pavirov" {speed, rPois rF- rCorr Str+5}
   (You found it on level 5 of the Pits of Slime)

   Str:       It affects your strength (+5).
   rF:        It makes you vulnerable to fire.
   rPois:     It protects you from poison.
   rCorr:     It protects you from acid and corrosion.
Missiles
 y - 2 throwing nets
 P - 6 silver javelins
 W - 4 curare-tipped darts
Armour
 g - a +2 cloak (worn)
 i - a +2 pair of boots (worn)
 q - the +0 pair of boots of Okawaru's Regard {rPois rCorr Dex+2}
   (You found it in a Gauntlet)

   Dex:       It affects your dexterity (+2).
   rPois:     It protects you from poison.
   rCorr:     It protects you from acid and corrosion.
 H - a +1 hat of see invisible (worn)
 J - the +0 leather armour of Ignis's Esteem {rPois rCorr Dex+2}
   (You found it on level 5 of the Pits of Slime)

   Dex:       It affects your dexterity (+2).
   rPois:     It protects you from poison.
   rCorr:     It protects you from acid and corrosion.
 O - the +2 scale mail "Yloklywk" (worn) {rF++ rN+}
   (You found it on level 5 of the Pits of Slime)

   rF:        It greatly protects you from fire.
   rN:        It protects you from negative energy.
 Q - a +2 chain mail of cold resistance
 S - a +0 kite shield (worn)
 T - +0 gold dragon scales
 Y - a +2 leather armour of cold resistance
Jewellery
 b - the ring "Giagg" (left hand) {rPois AC+4 Int+2 Stlth+}
   (You found it in a Gauntlet)

   [ring of protection]

   AC:        It affects your AC (+4).
   Int:       It affects your intelligence (+2).
   rPois:     It protects you from poison.
   Stlth:     It makes you more stealthy.
 d - the amulet of the Four Winds (around neck) {rN+ Will+++ Clar}
   (You found it in a Gauntlet)

   [amulet of nothing]

   rN:        It protects you from negative energy.
   Clar:      It protects you from confusion, rage, mesmerisation and fear.
   Will:      It greatly increases your willpower.
 e - an amulet of reflection
 m - a ring of protection from fire
 p - a ring of wizardry
 K - a ring of willpower (right hand)
 V - a +6 ring of intelligence
Wands
 x - a wand of roots (19)
 G - a wand of charming (15)
 I - a wand of quicksilver (5)
 U - a wand of flame (11)
Scrolls
 c - 4 scrolls of poison
 f - a scroll of acquirement
 h - 5 scrolls of teleportation
 s - 2 scrolls of identify
 w - a scroll of fog
 z - 5 scrolls of fear
 A - a scroll of enchant weapon
Potions
 j - a potion of berserk rage
 k - a potion of haste
 n - 7 potions of curing
 o - 2 potions of cancellation
 r - 3 potions of flight
 t - 3 potions of magic
 u - 2 potions of invisibility
 v - a potion of attraction
 B - a potion of mutation
 C - a potion of ambrosia
 F - 2 potions of might
 N - 2 potions of lignification
 X - 2 potions of heal wounds
Miscellaneous
 D - a piece from Xom's chessboard (15/15)
 R - a lightning rod (4/4)
 Z - a box of beasts


   Skills:
 + Level 10.6 Fighting
 + Level 10.6 Short Blades
 + Level 10.6 Long Blades
 + Level 10.6 Axes
 + Level 10.6 Maces & Flails
 + Level 10.6 Polearms
 + Level 10.6 Staves
 + Level 10.6 Ranged Weapons
 + Level 10.6 Throwing
 + Level 10.6 Armour
 + Level 11.5 Dodging
 + Level 11.4 Stealth
 + Level 10.6 Shields
 + Level 10.7 Unarmed Combat
 + Level 11.7 Spellcasting
 + Level 8.9 Conjurations
 + Level 8.9 Hexes
 + Level 11.3 Summonings
 + Level 8.9 Necromancy
 + Level 8.9 Translocations
 + Level 8.9 Transmutations
 + Level 8.9 Fire Magic
 + Level 8.9 Ice Magic
 + Level 8.9 Air Magic
 + Level 8.9 Earth Magic
 + Level 8.9 Poison Magic
 + Level 11.5 Invocations
 + Level 10.6 Evocations


You had 22 spell levels left.
You knew the following spells:

 Your Spells              Type           Power      Damage    Failure   Level
a - Summon Small Mammal   Summ           100%       N/A       4%          1
b - Call Imp              Summ           100%       N/A       6%          2
c - Call Canine Familiar  Summ           100%       N/A       9%          3
d - Summon Guardian Gole  Hex/Summ       97%        N/A       12%         3
e - Summon Lightning Spi  Summ/Air       97%        N/A       26%         4
f - Blink                 Tloc           100%       N/A       10%         2

Your spell library contained the following spells:

 Spells                   Type           Power      Damage    Failure   Level
 Beastly Appendage        Tmut           100%       N/A       8%          1
 Magic Dart               Conj           100%       1d8       8%          1
 Necrotise                Necr           100%       1d9       8%          1
 Slow                     Hex            100%       N/A       8%          1
 Ensorcelled Hibernation  Hex/Ice        100%       N/A       10%         2
 Searing Ray              Conj           100%       2d8       10%         2
 Wereblood                Tmut           92%        N/A       10%         2
 Confusing Touch          Hex            92%        N/A       16%         3
 Dazzling Flash           Conj/Hex       100%       N/A       16%         3
 Ignite Poison            Fire/Tmut/Pois 92%        N/A       16%         3
 Inner Flame              Hex/Fire       92%        N/A       16%         3
 Mephitic Cloud           Conj/Pois/Air  92%        N/A       16%         3
 Spider Form              Tmut/Pois      92%        N/A       16%         3
 Vampiric Draining        Necr           92%        2d12      16%         3
 Anguish                  Hex/Necr       46%        N/A       36%         4
 Fulminant Prism          Conj/Hex       46%        3d21      36%         4
 Manifold Assault         Tloc           92%        N/A       36%         4
 Sticky Flame             Conj/Fire      92%        2d10      36%         4
 Agony                    Necr           92%        N/A       63%         5
 Fireball                 Conj/Fire      46%        3d18      63%         5
 Irradiate                Conj/Tmut      46%        3d27      63%         5
 Iskenderun's Battlesphe  Conj           92%        2d14      63%         5
 Silence                  Hex/Air        46%        N/A       63%         5
 Yara's Violent Unravell  Hex/Tmut       46%        3d18      63%         5
 Conjure Ball Lightning   Conj/Air       46%        3x3d16    98%         6
 Enfeeble                 Hex            46%        N/A       100%        7
 Orb of Destruction       Conj           46%        9d12      100%        7
 Storm Form               Tmut/Air       46%        N/A       100%        7
 Ignition                 Fire           46%        3d13      100%        8


Dungeon Overview and Level Annotations

Branches:
Dungeon (15/15)            Temple (0/1) D:5            Lair (5/5) D:11
 Shoals (0/4) Lair:2        Snake (0/4) Lair:3        Slime (5/5) Lair:5
    Orc (0/2) D:12         Vaults (0/5) D:13         Depths (0/4) D:15
Volcano (visited)         Gauntlet (visited)

Altars:
Ashenzari
Elyvilon
Gozag
Hepliaklqana
Kikubaaqudgha
Makhleb
Okawaru
Qazlal
Ru
Sif Muna
Trog
Wu Jian
Xom
The Shining One
Jiyva
Lugonu

Shops:
D:8 [   D:9 *:   D:11 [   D:12 (

Portals:
Abyss: Lair:5

Annotations:
D:9 3 runed translucent doors, avis's ghost, novice HOFi
D:15 Agnes
Lair:2 2 transporters, GigaChad's ghost, journeyman FoFi
Lair:5 3 runed translucent doors, Dadbod's ghost, journeyman FoFi
Slime:5 Royal Jelly


Innate Abilities, Weirdness & Mutations

You have very sharp teeth.
Your uncanny sense of smell can sniff out nearby items.
Your experience applies equally to all skills.
You have a pair of small antennae on your head.
You are partially covered in iridescent scales. (AC +2)
Your mind is acute. (Int +4, Str/Dex -1)
Your flesh is cold resistant. (rC+)
Your flesh is very heat resistant. (rF++)
You passively map the area around you.
You are robust. (+10% HP)
Your spells are much harder to cast, but much more powerful.
You have acidic saliva.
Armour fits poorly on your massive pseudopods.
You have a small jelly attached to you that may absorb projectiles.
Your movements are slightly less encumbered by armour. (ER -2)


Message History

You block the +0 spectral lajatang's attack.
The wall burns Agnes!
You block Agnes's attack. The +0 spectral lajatang hits you!!
A +0 spectral lajatang comes into view.
Casting: Summon Lightning Spire (dangerous; 26% risk of failure)
Confirm with . or Enter, or press ? or * to list all spells.
You miscast Summon Lightning Spire.
Nothing appears to happen.
The walls burn the +0 spectral lajatang!
Agnes shares her spectral weapon's damage!
The +0 spectral lajatang hits you!
* * * LOW HITPOINT WARNING * * *
The wall burns Agnes!
Agnes hits you with a +0 spectral lajatang.
* * * LOW HITPOINT WARNING * * *
You block the +0 spectral lajatang's attack.
The walls burn the +0 spectral lajatang!
Agnes shares her spectral weapon's damage!
The +0 spectral lajatang hits you but does no damage.
The wall burns Agnes!
You block Agnes's attack. The +0 spectral lajatang hits you!
* * * LOW HITPOINT WARNING * * *
The walls burn the +0 spectral lajatang!
Agnes shares her spectral weapon's damage!
The +0 spectral lajatang hits you!
* * * LOW HITPOINT WARNING * * *
The walls burn your lightning spire!
Your lightning spire shoots out a bolt of lightning at Agnes!
The bolt of electricity misses the +0 spectral lajatang.
The bolt of electricity hits Agnes!!
Your lightning spire disappears in a puff of smoke!
Agnes shouts!
Okay, then.
Okay, then.
Casting: Summon Lightning Spire (dangerous; 26% risk of failure)
Confirm with . or Enter, or press ? or * to list all spells.
You blink.
The walls burn the +0 spectral lajatang!
Agnes shares her spectral weapon's damage!
The +0 spectral lajatang hits you!!
You die...

, *** * ***,......... , ,
,, , ......... *, # , ,
........_ #... ,, .........
, .....######∆
....##+####.# ,
,..........# ....#, +.#
..........####...# , ##.# ,
, .............#...# ,,#...
,.........@...#...######..(
.........(...#...........†
.......C.i...#............
*
,........##§###............
*
#.......#.................
...#....#.................
,
,..#_#..i#.................
, ..#....#........#######..
, ..
C....####....##..[..##.


You could see Agnes, a cyclops and a +0 spectral lajatang.

Vanquished Creatures
  Nessos (D:14)
  A minotaur (Gauntlet)
  Azrael (D:13)
  Josephine (D:13)
  2 ice dragons (D:15)
  2 ogre magi
  A vault guard (D:13)
  A catoblepas (Lair:5)
  3 hydras
  2 boulder beetles
  4 two-headed ogres (D:13)
  2 centaur warriors
  A tengu warrior (D:14)
  2 death scarabs (Gauntlet)
  Urug (Lair:2)
  A hell knight (Volcano)
  2 skysharks
  A spectral death yak (Gauntlet)
  2 spectral hydras (Gauntlet)
  2 deep elf pyromancers (D:14)
  A deep elf zephyrmancer (D:11)
  3 salamanders (Volcano)
  3 ugly things
  A manticore (D:12)
  An elephant (Lair:5)
  A black mamba (Lair:2)
  2 cane toads
  A rime drake (Lair:3)
  An unseen horror (D:11)
  A tengu conjurer (D:14)
  2 yaktaurs
  3 komodo dragons
  2 polar bears
  2 trolls (shapeshifter)
  A snapping turtle (Lair:2)
  11 blink frogs
  Prince Ribbit (D:7)
  3 flying skulls (Gauntlet)
  A spriggan (shapeshifter) (Lair:5)
  9 humans (D:13)
  4 wraiths (D:13)
  2 wyverns
  3 fire elementals (D:13)
  2 fire bats (Lair:5)
  A spectral komodo dragon (Gauntlet)
  4 basilisks
  A chaos spawn (Lair:5)
  12 yaks
  3 vampire mosquitoes
  A steam dragon (D:8)
  3 water moccasins
  A naga (Lair:3)
  4 hell hounds
  An ogre (D:8)
  2 wolves (Lair:3)
  7 centaurs
  11 bullfrogs
  A gnoll sergeant (D:10)
  4 small abominations (Lair:5)
  A wight (D:10)
  3 killer bees (D:9)
  3 nameless horrors
  An electric eel (Lair:4)
  A crimson imp (D:11)
  A hound (D:7)
  2 iguanas
  4 orc wizards
  4 gnolls
  2 shadow imps
  2 white imps
  8 orcs
  A giant cockroach (D:4)
  2 goblins
  3 hobgoblins (D:4)
  4 jackals
  2 quokkas
  A kobold (D:4)
  A rat (D:1)
  A spectral weapon (D:15)
197 creatures vanquished.

Vanquished Creatures (collateral kills)
  Erolcha (D:9)
  A vault guard (D:13)
  4 hydras
  2 catoblepae
  3 boulder beetles
  3 two-headed ogres
  A tengu warrior (D:13)
  A thrashing horror (Lair:5)
  Sonja (D:13)
  A salamander mystic (Volcano)
  Pikel (D:7)
  A deep elf pyromancer (D:11)
  9 ugly things
  An oklob plant (Lair:4)
  2 cyclopes
  3 salamanders (Volcano)
  5 elephants (Lair:5)
  A manticore (D:12)
  A smoke demon (Lair:5)
  2 gargoyles (D:12)
  6 cane toads
  4 komodo dragons
  An efreet (D:14)
  2 unseen horrors
  A kobold demonologist (D:9)
  A rime drake (Lair:5)
  An ancient zyme (Lair:5)
  A polar bear (Lair:3)
  A troll (D:12)
  A hornet (D:9)
  Grinder (D:3)
  10 blink frogs (Lair:5)
  5 dream sheep (Lair:5)
  4 small abominations (Lair:5)
  2 shadows
  17 yaks
  A wyvern (D:9)
  A wraith (D:11)
  4 basilisks
  4 steam dragons
  3 vampire mosquitoes
  2 chaos spawn (Lair:5)
  2 nagas (Lair:3)
  7 water moccasins
  2 acid dragons
  A swamp drake (D:11)
  An ice beast (D:5)
  3 black bears
  A sky beast (D:8)
  4 ogres
  2 wolves
  2 centaurs (D:8)
  4 lemures (D:7)
  A phantom (D:5)
  A kobold brigand (D:9)
  8 bullfrogs
  7 wights
  7 killer bees (D:9)
  An electric eel (Lair:5)
  3 howler monkeys
  Crazy Yiuf (D:4)
  A gnoll bouda (D:9)
  3 orc priests
  3 hounds
  An iron imp (D:11)
  3 sleepcaps
  4 iguanas
  Natasha (twice) (D:3)
  8 orc wizards
  6 gnolls
  5 adders
  An ufetubus (D:5)
  21 orcs
  5 ball pythons
  2 giant cockroaches (D:1)
  3 hobgoblins
  9 jackals
  A quokka (D:3)
  A frilled lizard (D:2)
  6 goblins
  5 kobolds
  A rat (D:3)
266 creatures vanquished.

Vanquished Creatures (others)
  2 hydras
  2 centaur warriors
  A boulder beetle (D:11)
  A tengu warrior (D:13)
  A manticore (D:12)
  A gargoyle (D:9)
  Maggie (Lair:1)
  A cane toad (Lair:3)
  A rime drake (D:11)
  A komodo dragon (Lair:2)
  A troll (D:13)
  9 slime creatures
  A blink frog (Lair:5)
  A spriggan (Lair:5)
  3 yaks
  3 basilisks
  A human (D:13)
  A water moccasin (Lair:3)
  An ice beast (D:11)
  4 wolves (Lair:1)
  A centaur (D:13)
  A scorpion (D:6)
  A wight (D:8)
  2 killer bees (D:10)
  4 howler monkeys
  45 jellies
  2 iguanas
  Natasha (D:3)
  3 orc wizards
  2 adders (D:5)
  4 endoplasms
  5 orcs
  A ball python (D:1)
  2 bats
  2 giant cockroaches
  3 goblins
  3 jackals (D:1)
  3 kobolds (D:1)
  2 quokkas
  3 frilled lizards
  2 rats
  A butterfly (Lair:1)
130 creatures vanquished.

Grand Total: 593 creatures vanquished

Notes
Turn   | Place    | Note
-------+----------+-------------------------------------------
     0 | D:1      | croobank the Gnoll Summoner began the quest for the Orb.
     0 | D:1      | Reached XP level 1. HP: 13/13 MP: 6/6
    98 | D:1      | Found a faded altar of an unknown god.
   160 | D:1      | Prayed at the altar of an unknown god.
   160 | D:1      | Became a worshipper of Jiyva Joahyr the Shapeless
   160 | D:1      | Reached * piety under Jiyva
   482 | D:1      | Reached XP level 2. HP: 19/19 MP: 7/7
   601 | D:1      | Learned a level 2 spell: Call Imp
   652 | D:1      | Reached ** piety under Jiyva
   862 | D:2      | Identified the +5 scale mail of Famarokh {Rampage +Blink
                  | rPois Int+2}
  1201 | D:2      | Reached skill level 5 in Spellcasting
  1201 | D:2      | Reached XP level 3. HP: 25/25 MP: 5/9
  1244 | D:2      | Reached *** piety under Jiyva
  1244 | D:2      | Gained mutation: Your translucent skin slightly reduces
                  | your foes' accuracy. (Stealth+) [Jiyva's grace]
  1244 | D:2      | Gained mutation: Your translucent skin reduces your foes'
                  | accuracy. (Stealth+) [Jiyva's grace]
  1244 | D:2      | Gained mutation: Your transparent skin significantly
                  | reduces your foes' accuracy. (Stealth+) [Jiyva's grace]
  1244 | D:2      | Gained mutation: Your body has grown eyes which may confuse
                  | attackers. (Acc +3) [Jiyva's grace]
  1569 | D:3      | Upgraded the game from 0.30.0-15-g856e2d3f33 to
                  | 0.30.0-16-gbe6223bb7e
  1640 | D:3      | Identified the +7 mace of Greed {drain, rN+ Str+6 Int-3}
  1704 | D:3      | Reached skill level 1 in Invocations
  1740 | D:3      | Learned a level 3 spell: Call Canine Familiar
  1783 | D:3      | Found a white marble altar of Elyvilon.
  1851 | D:3      | Noticed Grinder
  1894 | D:3      | Paralysed by Grinder for 3 turns
  1916 | D:3      | Killed Grinder
  1917 | D:3      | Reached skill level 1 in Fighting
  1917 | D:3      | Reached skill level 1 in Short Blades
  1917 | D:3      | Reached skill level 1 in Long Blades
  1917 | D:3      | Reached skill level 1 in Axes
  1917 | D:3      | Reached skill level 1 in Maces & Flails
  1917 | D:3      | Reached skill level 1 in Polearms
  1917 | D:3      | Reached skill level 1 in Staves
  1917 | D:3      | Reached skill level 1 in Ranged Weapons
  1917 | D:3      | Reached skill level 1 in Throwing
  1917 | D:3      | Reached skill level 1 in Armour
  1917 | D:3      | Reached skill level 1 in Shields
  1917 | D:3      | Reached skill level 1 in Unarmed Combat
  1917 | D:3      | Reached skill level 1 in Conjurations
  1917 | D:3      | Reached skill level 1 in Hexes
  1917 | D:3      | Reached skill level 1 in Necromancy
  1917 | D:3      | Reached skill level 1 in Translocations
  1917 | D:3      | Reached skill level 1 in Transmutations
  1917 | D:3      | Reached skill level 1 in Fire Magic
  1917 | D:3      | Reached skill level 1 in Ice Magic
  1917 | D:3      | Reached skill level 1 in Air Magic
  1917 | D:3      | Reached skill level 1 in Earth Magic
  1917 | D:3      | Reached skill level 1 in Poison Magic
  1917 | D:3      | Reached skill level 1 in Evocations
  1917 | D:3      | Reached XP level 4. HP: 33/33 MP: 11/11
  1917 | D:3      | Reached XP level 5. HP: 38/38 MP: 12/12
  1917 | D:3      | Reached XP level 6. HP: 44/44 MP: 14/14
  2073 | D:3      | Reached skill level 5 in Dodging
  2228 | D:3      | Noticed Natasha
  2250 | D:3      | Killed Natasha
  2283 | D:3      | Killed Natasha
  2284 | D:3      | Noticed Natasha
  2291 | D:3      | Killed Natasha
  2444 | D:3      | Learned a level 3 spell: Summon Guardian Golem
  2547 | D:4      | Found an opulent altar of Gozag.
  2548 | D:4      | Reached **** piety under Jiyva
  2552 | D:4      | Found a glowing golden altar of the Shining One.
  2579 | D:4      | Found a transporter.
  2585 | D:4      | Found a transporter.
  2792 | D:4      | Found a broken altar of Ashenzari.
  2817 | D:4      | Reached XP level 7. HP: 50/50 MP: 15/15
  2922 | D:4      | Learned a level 4 spell: Summon Lightning Spire
  3036 | D:4      | Found a hazy altar of Hepliaklqana.
  3211 | D:4      | Found an ancient bone altar of Kikubaaqudgha.
  3438 | D:4      | Found a runed translucent door.
  3439 | D:4      | Noticed Crazy Yiuf
  3455 | D:4      | Killed Crazy Yiuf
  3461 | D:4      | Identified the +4 hammer of Checkmate {venom, rF+ rC+
                  | Dex+3}
  3526 | D:4      | Lost mutation: Your transparent skin significantly reduces
                  | your foes' accuracy. (Stealth+) [Jiyva's grace]
  3526 | D:4      | Lost mutation: Your translucent skin reduces your foes'
                  | accuracy. (Stealth+) [Jiyva's grace]
  3526 | D:4      | Gained mutation: You have an increased reservoir of magic.
                  | (+10% MP) [Jiyva's grace]
  3526 | D:4      | Gained mutation: You have a considerably increased
                  | reservoir of magic. (+20% MP) [Jiyva's grace]
  3526 | D:4      | Gained mutation: You have a greatly increased reservoir of
                  | magic. (+30% MP) [Jiyva's grace]
  3526 | D:4      | Gained mutation: You have a small jelly attached to you
                  | that senses nearby items. [Jiyva's grace]
  3637 | D:5      | Entered Level 5 of the Dungeon
  3658 | D:5      | Reached skill level 5 in Stealth
  3751 | D:5      | Reached ***** piety under Jiyva
  3820 | D:5      | Reached XP level 8. HP: 58/58 MP: 17/21
  3841 | D:5      | Found a staircase to the Ecumenical Temple.
  3903 | D:5      | Found a stormy altar of Qazlal.
  4474 | D:6      | Found a sacrificial altar of Ru.
  4682 | D:7      | Reached XP level 9. HP: 65/65 MP: 24/24
  4752 | D:7      | Noticed Pikel
  4802 | D:7      | Killed Pikel
  4847 | D:7      | Gained mutation: Your mind is acute. (Int +4, Str/Dex -1)
                  | [Jiyva's grace]
  4847 | D:7      | Gained mutation: Your mind is very acute. (Int +8, Str/Dex
                  | -2) [Jiyva's grace]
  4847 | D:7      | Gained mutation: Your flesh is heat resistant. (rF+)
                  | [Jiyva's grace]
  4847 | D:7      | Gained mutation: Your flesh is very heat resistant. (rF++)
                  | [Jiyva's grace]
  4955 | D:7      | Learned a level 2 spell: Blink
  5243 | D:7      | Reached skill level 5 in Invocations
  5293 | D:7      | Noticed Prince Ribbit
  5311 | D:7      | Killed Prince Ribbit
  5337 | D:7      | Reached ****** piety under Jiyva
  6082 | D:8      | Reached skill level 5 in Fighting
  6082 | D:8      | Reached skill level 5 in Short Blades
  6082 | D:8      | Reached skill level 5 in Long Blades
  6082 | D:8      | Reached skill level 5 in Axes
  6082 | D:8      | Reached skill level 5 in Maces & Flails
  6082 | D:8      | Reached skill level 5 in Polearms
  6082 | D:8      | Reached skill level 5 in Staves
  6082 | D:8      | Reached skill level 5 in Ranged Weapons
  6082 | D:8      | Reached skill level 5 in Throwing
  6082 | D:8      | Reached skill level 5 in Armour
  6082 | D:8      | Reached skill level 5 in Shields
  6082 | D:8      | Reached skill level 5 in Unarmed Combat
  6082 | D:8      | Reached skill level 5 in Evocations
  6082 | D:8      | Reached XP level 10. HP: 74/74 MP: 26/26
  6394 | D:8      | Found Eurybarus's Dragon-Slaying Spoils.
  6561 | D:9      | Killed a gargoyle
  6663 | D:9      | Noticed a kobold demonologist
  6670 | D:9      | Killed a kobold demonologist
  6691 | D:9      | Found a runed translucent gate.
  6692 | D:9      | Found a runed translucent gate.
  6692 | D:9      | Found a runed translucent gate.
  6693 | D:9      | Found an opulent altar of Gozag.
  6693 | D:9      | Noticed a boulder beetle
  6697 | D:9      | Found Anout's Assorted Antiques.
  6697 | D:9      | Noticed a boulder beetle
  6698 | D:9      | Noticed a purple ugly thing
  6698 | D:9      | Noticed avis's ghost (novice HOFi)
  6725 | D:9      | Noticed Erolcha
  6728 | D:9      | Found Hux Mef's Book Boutique.
  6741 | D:9      | Killed Erolcha
  6772 | D:9      | Lost mutation: You have a greatly increased reservoir of
                  | magic. (+30% MP) [Jiyva's grace]
  6772 | D:9      | Lost mutation: Your translucent skin slightly reduces your
                  | foes' accuracy. (Stealth+) [Jiyva's grace]
  6772 | D:9      | Gained mutation: You are robust. (+10% HP) [Jiyva's grace]
  6772 | D:9      | Gained mutation: You are very robust. (+20% HP) [Jiyva's
                  | grace]
  6772 | D:9      | Gained mutation: You are extremely robust. (+30% HP)
                  | [Jiyva's grace]
  6772 | D:9      | Gained mutation: You have a pair of small antennae on your
                  | head. [Jiyva's grace]
  6830 | D:9      | Found a bloodstained altar of Trog.
  7088 | D:9      | Found a shimmering altar of Xom.
  7140 | D:9      | Found a shimmering blue altar of Sif Muna.
  7403 | D:9      | Noticed a boulder beetle
  7415 | D:9      | Killed a boulder beetle
  7505 | D:10     | Entered Level 10 of the Dungeon
  7516 | D:10     | Reached skill level 5 in Conjurations
  7516 | D:10     | Reached skill level 5 in Hexes
  7516 | D:10     | Reached skill level 5 in Necromancy
  7516 | D:10     | Reached skill level 5 in Translocations
  7516 | D:10     | Reached skill level 5 in Transmutations
  7516 | D:10     | Reached skill level 5 in Fire Magic
  7516 | D:10     | Reached skill level 5 in Ice Magic
  7516 | D:10     | Reached skill level 5 in Air Magic
  7516 | D:10     | Reached skill level 5 in Earth Magic
  7516 | D:10     | Reached skill level 5 in Poison Magic
  7516 | D:10     | Reached XP level 11. HP: 105/105 MP: 22/27
  7621 | D:10     | Found an ornate altar of the Wu Jian Council.
  8168 | D:10     | Noticed an ogre mage
  8186 | D:10     | Killed an ogre mage
  8344 | D:11     | Found a staircase to the Lair.
  8567 | D:11     | Noticed a boulder beetle
  8583 | D:11     | Killed a boulder beetle
  8630 | D:11     | Found Sevami Gyuwn's Antique Armour Emporium.
  8707 | D:11     | Noticed a deep elf pyromancer
  8710 | D:11     | Noticed a deep elf zephyrmancer
  8717 | D:11     | Killed a deep elf pyromancer
  8720 | D:11     | Killed a deep elf zephyrmancer
  8891 | D:11     | Lost mutation: Your mind is very acute. (Int +8, Str/Dex
                  | -2) [Jiyva's grace]
  8891 | D:11     | Lost mutation: You have a considerably increased reservoir
                  | of magic. (+20% MP) [Jiyva's grace]
  8891 | D:11     | Gained mutation: You have a small jelly attached to you
                  | that may absorb projectiles. [Jiyva's grace]
  8891 | D:11     | Gained mutation: Your spells are a little harder to cast,
                  | but a little more powerful. [Jiyva's grace]
  8891 | D:11     | Gained mutation: Your spells are harder to cast, but more
                  | powerful. [Jiyva's grace]
  8891 | D:11     | Gained mutation: Your spells are much harder to cast, but
                  | much more powerful. [Jiyva's grace]
  8952 | D:11     | Noticed a cyclops
  8958 | D:11     | Killed a cyclops
  9129 | D:12     | Noticed a manticore
  9131 | D:12     | Found a staircase to the Orcish Mines.
  9139 | D:12     | Killed a manticore
  9145 | D:12     | Killed a manticore
  9154 | D:12     | Reached XP level 12. HP: 86/118 MP: 21/27
  9222 | D:12     | Noticed a boulder beetle
  9248 | D:12     | Killed a boulder beetle
  9254 | D:12     | Found Qiykunit's Antique Weapon Shop.
  9301 | D:12     | Noticed a two-headed ogre
  9312 | D:12     | Killed a two-headed ogre
  9508 | Lair:1   | Entered Level 1 of the Lair of Beasts
  9508 | Lair:1   | Noticed a boulder beetle
  9520 | Lair:1   | Killed a boulder beetle
  9523 | Lair:1   | Noticed Maggie
  9538 | Lair:1   | Killed Maggie
 10455 | Lair:2   | Lost mutation: You are extremely robust. (+30% HP) [Jiyva's
                  | grace]
 10455 | Lair:2   | Lost mutation: You are very robust. (+20% HP) [Jiyva's
                  | grace]
 10455 | Lair:2   | Lost mutation: Your body has grown eyes which may confuse
                  | attackers. (Acc +3) [Jiyva's grace]
 10455 | Lair:2   | Gained mutation: You have hidden genetic potential.
                  | [Jiyva's grace]
 10455 | Lair:2   | Gained mutation: You have great hidden genetic potential.
                  | [Jiyva's grace]
 10455 | Lair:2   | Gained mutation: You passively map a small area around you.
                  | [Jiyva's grace]
 10455 | Lair:2   | Gained mutation: You passively map the area around you.
                  | [Jiyva's grace]
 10467 | Lair:2   | Noticed a five-headed hydra
 10497 | Lair:2   | Noticed a four-headed hydra
 10498 | Lair:2   | Killed a five-headed hydra
 10516 | Lair:2   | Found a dark tunnel.
 10556 | Volcano  | Entered a volcano
 10575 | Volcano  | Found a radiant altar of Vehumet.
 10576 | Volcano  | Noticed a hell knight
 10608 | Volcano  | Reached XP level 13. HP: 89/107 MP: 29/29
 10644 | Volcano  | Reached skill level 10 in Summonings
 10885 | Lair:2   | Identified the +0 leather armour "Abie" {rPois Will+ Int+3}
 11128 | Lair:2   | Found a staircase to the Shoals.
 11128 | Lair:2   | Noticed Urug
 11137 | Lair:2   | Killed Urug
 11337 | Lair:2   | Reached skill level 10 in Spellcasting
 11388 | Lair:2   | Found a transporter.
 11399 | Lair:2   | Noticed GigaChad's ghost (journeyman FoFi)
 11425 | Lair:2   | Found a transporter.
 11677 | Lair:3   | Gained mutation: Your system is resistant to poisons.
                  | (rPois) [hidden potential]
 12060 | Lair:3   | Found a staircase to the Snake Pit.
 12551 | Lair:4   | Reached skill level 10 in Dodging
 12769 | Lair:4   | Lost mutation: You have an increased reservoir of magic.
                  | (+10% MP) [Jiyva's grace]
 12769 | Lair:4   | Lost mutation: Your system is resistant to poisons. (rPois)
                  | [Jiyva's grace]
 12769 | Lair:4   | Lost mutation: You have a small jelly attached to you that
                  | senses nearby items. [Jiyva's grace]
 12769 | Lair:4   | Gained mutation: Armour fits poorly on your pseudopods.
                  | [Jiyva's grace]
 12769 | Lair:4   | Gained mutation: Armour fits poorly on your large
                  | pseudopods. [Jiyva's grace]
 12769 | Lair:4   | Gained mutation: Armour fits poorly on your massive
                  | pseudopods. [Jiyva's grace]
 12769 | Lair:4   | Gained mutation: Your flesh is cold resistant. (rC+)
                  | [Jiyva's grace]
 13213 | Lair:5   | Entered Level 5 of the Lair of Beasts
 13265 | Lair:5   | Identified a scroll of acquirement
 13372 | Lair:5   | Reached skill level 10 in Stealth
 13483 | Lair:5   | Reached XP level 14. HP: 68/118 MP: 28/28
 13501 | Lair:5   | Reached skill level 10 in Invocations
 13824 | Lair:5   | Found a corrupted altar of Lugonu.
 13824 | Lair:5   | Found a one-way gate to the infinite horrors of the Abyss.
 13834 | Lair:5   | Gained mutation: Your flesh is very cold resistant. (rC++)
                  | [hidden potential]
 13834 | Lair:5   | Lost mutation: You have great hidden genetic potential.
                  | [hidden potential expressed]
 14120 | Lair:5   | Found a staircase to the Slime Pits.
 14121 | Lair:5   | Found a viscous altar of Jiyva.
 14156 | Lair:5   | Found a runed translucent gate.
 14157 | Lair:5   | Found a runed translucent gate.
 14158 | Lair:5   | Found a runed translucent gate.
 14162 | Lair:5   | Noticed Dadbod's ghost (journeyman FoFi)
 14192 | Slime:1  | Entered Level 1 of the Pits of Slime
 14209 | Slime:1  | Noticed a quicksilver ooze
 14220 | Slime:1  | Noticed a rockslime
 14230 | Slime:1  | Noticed an acid blob
 14233 | Slime:1  | Noticed an acid blob
 14241 | Slime:1  | Noticed an acid blob
 14246 | Slime:1  | Noticed a quicksilver ooze
 14257 | Slime:1  | Noticed a quicksilver ooze
 14329 | Slime:1  | Noticed an acid blob
 14444 | Slime:2  | Noticed a quicksilver ooze
 14448 | Slime:2  | Noticed an azure jelly
 14492 | Slime:2  | Noticed an acid blob
 14545 | Slime:2  | Noticed a rockslime
 14554 | Slime:2  | Noticed a rockslime
 14561 | Slime:2  | Noticed an azure jelly
 14835 | Slime:3  | Noticed an azure jelly
 14899 | Slime:3  | Noticed a quicksilver ooze
 14954 | Slime:3  | Noticed a rockslime
 14980 | Slime:3  | Noticed a quicksilver ooze
 14982 | Slime:3  | Noticed an azure jelly
 14987 | Slime:3  | Noticed an azure jelly
 15127 | Slime:4  | Noticed a rockslime
 15128 | Slime:4  | Noticed an azure jelly
 15317 | Slime:5  | Entered Level 5 of the Pits of Slime
 15351 | Slime:5  | Noticed a rockslime
 15365 | Slime:5  | Noticed an acid blob
 15394 | Slime:5  | Noticed a quicksilver ooze
 15413 | Slime:5  | Noticed a rockslime
 15423 | Slime:5  | Noticed an acid blob
 15452 | Slime:5  | Noticed an acid blob
 15456 | Slime:5  | Noticed an acid blob
 15481 | Slime:5  | Noticed a rockslime
 15507 | Slime:5  | Noticed an acid blob
 15513 | Slime:5  | Found a viscous altar of Jiyva.
 15515 | Slime:5  | Noticed the Royal Jelly
 15515 | Slime:5  | Noticed an azure jelly
 15516 | Slime:5  | Noticed an azure jelly
 15520 | Slime:5  | Got Sif Muna's Essays on Amalgamated Shapes
 15522 | Slime:5  | Noticed an acid blob
 15527 | Slime:5  | Identified the +0 leather armour of Ignis's Esteem {rPois
                  | rCorr Dex+2}
 15529 | Slime:5  | Got a slimy rune of Zot
 15532 | Slime:5  | Identified the +6 lajatang "Dragonbane" {flame, rPois}
 15533 | Slime:5  | Noticed an acid blob
 15546 | Slime:5  | Identified the +5 quarterstaff "Pavirov" {speed, rPois rF-
                  | rCorr Str+5}
 15559 | Slime:5  | Identified the +2 scale mail "Yloklywk" {rF++ rN+}
 16748 | D:13     | Noticed Azrael
 16764 | D:13     | Killed Azrael
 16824 | D:13     | Reached skill level 10 in Fighting
 16824 | D:13     | Reached skill level 10 in Short Blades
 16824 | D:13     | Reached skill level 10 in Long Blades
 16824 | D:13     | Reached skill level 10 in Axes
 16824 | D:13     | Reached skill level 10 in Maces & Flails
 16824 | D:13     | Reached skill level 10 in Polearms
 16824 | D:13     | Reached skill level 10 in Staves
 16824 | D:13     | Reached skill level 10 in Ranged Weapons
 16824 | D:13     | Reached skill level 10 in Throwing
 16824 | D:13     | Reached skill level 10 in Armour
 16824 | D:13     | Reached skill level 10 in Shields
 16824 | D:13     | Reached skill level 10 in Unarmed Combat
 16824 | D:13     | Reached skill level 10 in Evocations
 16861 | D:13     | Noticed Sonja
 16882 | D:13     | Killed Sonja
 16998 | D:13     | Noticed Josephine
 17004 | D:13     | Killed Josephine
 17005 | D:13     | Reached XP level 15. HP: 104/126 MP: 30/30
 17367 | D:13     | Found a gate to the Vaults.
 17447 | D:14     | Noticed Nessos
 17454 | D:14     | Killed Nessos
 17643 | D:14     | Gained mutation: Your movements are slightly less
                  | encumbered by armour. (ER -2) [hidden potential]
 17882 | D:14     | Lost mutation: Your flesh is very cold resistant. (rC++)
                  | [Jiyva's grace]
 17882 | D:14     | Lost mutation: Your spells are much harder to cast, but
                  | much more powerful. [Jiyva's grace]
 17882 | D:14     | Lost mutation: Your spells are harder to cast, but more
                  | powerful. [Jiyva's grace]
 17882 | D:14     | Lost mutation: You have hidden genetic potential. [Jiyva's
                  | grace]
 17882 | D:14     | Gained mutation: Your spells are harder to cast, but more
                  | powerful. [Jiyva's grace]
 17882 | D:14     | Gained mutation: Your spells are much harder to cast, but
                  | much more powerful. [Jiyva's grace]
 17882 | D:14     | Gained mutation: You have acidic saliva. [Jiyva's grace]
 17882 | D:14     | Gained mutation: You are partially covered in iridescent
                  | scales. (AC +2) [Jiyva's grace]
 18356 | D:15     | Entered Level 15 of the Dungeon
 18356 | D:15     | Found a gate leading to a gauntlet.
 18367 | Gauntlet | Entered a Gauntlet
 18367 | Gauntlet | Found a transporter.
 18367 | Gauntlet | Found a transporter.
 18368 | Gauntlet | Found a transporter.
 18371 | Gauntlet | Found a transporter.
 18371 | Gauntlet | Found a transporter.
 18371 | Gauntlet | Found a transporter.
 18382 | Gauntlet | Found a transporter.
 18382 | Gauntlet | Found the amulet of the Four Winds {rN+ Will+++ Clar}
 18386 | Gauntlet | Found a transporter.
 18395 | Gauntlet | Found a transporter.
 18395 | Gauntlet | Found a transporter.
 18396 | Gauntlet | Found a transporter.
 18397 | Gauntlet | Found a transporter.
 18623 | Gauntlet | Identified the ring "Giagg" {rPois AC+4 Int+2 Stlth+}
 18699 | Gauntlet | Identified the +0 pair of boots of Okawaru's Regard {rPois
                  | rCorr Dex+2}
 18982 | D:15     | Found a burning altar of Makhleb.
 19074 | D:15     | Found a staircase to the Depths.
 19182 | D:15     | Found an iron altar of Okawaru.
 19184 | D:15     | Noticed Agnes
 19195 | D:15     | HP: 6/128 [+0 spectral lajatang[Agnes] (14)]
 19196 | D:15     | Mangled by a +0 spectral lajatang

Illustrated notes

Levels and vault maps discovered:
D:1:      psy_arrival_statuary, layout_basic, basic_ecumenical_altar,
          minmay_tromino_v7
D:2:      layout_basic
D:3:      layout_loops_cross, mainiacjoe_overflow_tiny_flanked, uniq_grinder,
          uniq_natasha
D:4:      layout_basic, kennysheep_mini_moat, gammafunk_temple_overflow_arena,
          mainiacjoe_overflow_catwalk, amcnicky_altar_gilded,
          uniq_crazy_yiuf_cottage
D:5:      layout_cave_pools, nicolae_qazlal_scattered_showers,
          minmay_temple_entry_steel_oval
D:6:      layout_cave_pools, nicolae_ru_sacrificial_ziggurat, st_stairs_10
D:7:      layout_loops_corners, uniq_pikel, uniq_prince_ribbit1
D:8:      layout_layer_cave, minivault_26, hellmonk_bongcloud_opening,
          grunt_ogre_cave, nicolae_shop_dragon_depot
D:9:      nzn_winding_woodlands_small [nzn_winding_woodlands_5x15_lazy_stream,
          nzn_winding_woodlands_center_lodge,
          nzn_winding_woodlands_5x15_zeroes], layout_rooms,
          mainiacjoe_overflow_cross_hatched, bloody_trog,
          mainiacjoe_overflow_alcove_2, serial_shops, shop, ebering_ghost_gozag,
          grunt_ministairs_12, hangedman_decor_clover_reticule, uniq_erolcha
D:10:     layout_gridville, nicolae_wu_jian_immortal_techniques, wad_mini_maze
D:11:     layout_irregular_city, hellmonk_lair_entry_icy, serial_shops, shop,
          minmay_misc_feat_tower, nrook_mini_vaults, hangedman_minor_magic
D:12:     layout_big_octagon, orc_0_dummy, serial_shops,
          nicolae_shop_statue_plus
D:13:     layout_loops_ring, ximxim_vaults_locker_room, uniq_josephine,
          uniq_azrael, uniq_sonja
D:14:     layout_roguey, uniq_nessos
D:15:     grunt_enter_depths_hoard, layout_irregular_city,
          gauntlet_entry_generic, bloody_makhleb, okawaru_metal_pillars_1_2,
          uniq_agnes
Lair:1:   layout_layer_cave, minivault_23, lemuel_fruit_fields,
          infiniplex_staircase_pool_2, uniq_maggie
Lair:2:   layout_gridlike, minmay_shoals_entry_hut,
          gammafunk_ghost_berserking_beasts, enter_volcano_2, uniq_urug
Lair:3:   layout_long_grid, nicolae_snake_entry_squirm, beast_lair_carwin_3
Lair:4:   layout_roguey, serial_bayou_ford_a, serial_bayou_pond_c
Lair:5:   hellmonk_lair_end_abyssal_woods, layout_gridlike, slime_entry_1,
          gammafunk_ghost_necromancy
Slime:1:  layout_caves, cheibrodos_slime_lost_civilization_7
Slime:2:  layout_caves, nicolae_slime_welcoming_committee
Slime:3:  layout_caves
Slime:4:  layout_caves
Slime:5

Skill      XL: |  1  2  3  4  5  6  7  8  9 10 11 12 13 14 15 |
---------------+----------------------------------------------+-----
Spellcasting   | 5 6 7 8 9 10 11 | 11.7
Invocations    | 2 3 4 5 6 7 8 9 10 11 | 11.5
Fighting       | 1 2 3 5 6 7 8 9 10 | 10.6
Short Blades   | 1 2 3 5 6 7 8 9 10 | 10.6
Long Blades    | 1 2 3 5 6 7 8 9 10 | 10.6
Axes           | 1 2 3 5 6 7 8 9 10 | 10.6
Maces & Flails | 1 2 3 5 6 7 8 9 10 | 10.6
Polearms       | 1 2 3 5 6 7 8 9 10 | 10.6
Staves         | 1 2 3 5 6 7 8 9 10 | 10.6
Ranged Weapons | 1 2 3 5 6 7 8 9 10 | 10.6
Throwing       | 1 2 3 5 6 7 8 9 10 | 10.6
Armour         | 1 2 3 5 6 7 8 9 10 | 10.6
Shields        | 1 2 3 5 6 7 8 9 10 | 10.6
Unarmed Combat | 1 2 3 5 6 7 8 9 10 | 10.7
Conjurations   | 1 2 3 4 5 6 7 8 |  8.9
Hexes          | 1 2 3 4 5 6 7 8 |  8.9
Necromancy     | 1 2 3 4 5 6 7 8 |  8.9
Translocations | 1 2 3 4 5 6 7 8 |  8.9
Transmutations | 1 2 3 4 5 6 7 8 |  8.9
Fire Magic     | 1 2 3 4 5 6 7 8 |  8.9
Ice Magic      | 1 2 3 4 5 6 7 8 |  8.9
Air Magic      | 1 2 3 4 5 6 7 8 |  8.9
Earth Magic    | 1 2 3 4 5 6 7 8 |  8.9
Poison Magic   | 1 2 3 4 5 6 7 8 |  8.9
Evocations     | 1 2 3 5 6 7 8 9 10 | 10.6
Dodging        | 5 6 7 8 9 10 11 | 11.5
Stealth        | 5 6 7 8 9 10 11 | 11.4
Summonings     | 8 9 10 11 | 11.3

Action                     |  1- 3 |  4- 6 |  7- 9 | 10-12 | 13-15 || total
---------------------------+-------+-------+-------+-------+-------++-------
  Melee: Dagger            |    30 |     9 |       |       |     2 ||    41
         Bite              |     2 |       |    12 |    40 |   113 ||   167
         Mace              |       |    15 |    57 |   245 |   683 ||  1000
         Punch             |       |       |     1 |    17 |    47 ||    65
         Pseudopods        |       |       |       |       |   160 ||   160
   Fire: Shortbow          |       |       |    10 |     8 |       ||    18
   Cast: Summon Small Mamm |    28 |    13 |    24 |    32 |    30 ||   127
         Call Imp          |    12 |     8 |    15 |    23 |    21 ||    79
         Call Canine Famil |     9 |    10 |    27 |    31 |    32 ||   109
         Summon Guardian G |       |       |     8 |    20 |    20 ||    48
         Summon Lightning  |       |       |     8 |    35 |    46 ||    89
         Blink             |       |       |       |     1 |     3 ||     4
 Invoke: Slimify           |       |       |       |     1 |     1 ||     2
         Oozemancy         |       |       |       |       |    11 ||    11
  Evoke: Wand              |       |       |       |     1 |     1 ||     2
    Use: Scroll            |       |     3 |     8 |     9 |    15 ||    35
         Potion            |       |       |       |     1 |     3 ||     4
   Stab: Sleeping          |       |     3 |     3 |     3 |    14 ||    23
         Confused          |       |     1 |     1 |       |       ||     2
         Distracted        |       |       |       |     5 |     7 ||    12
         Petrified         |       |       |       |       |     2 ||     2
 Armour: Robe              |     6 |     8 |    26 |    46 |       ||    86
         Leather armour    |       |       |       |    45 |   222 ||   267
         Scale mail        |       |       |       |       |    70 ||    70
  Dodge: Dodged            |    35 |    25 |    56 |   244 |   562 ||   922
  Block: Other             |     1 |     5 |    22 |    61 |   133 ||   222
         Reflection        |       |     1 |       |     2 |    14 ||    17
         Kite shield       |       |       |       |       |   148 ||   148
